 Dungeon Sprint DCSS version 0.30-a0-58-gc0703345a7 (webtiles) character file.

Game seed: 15414505597902680520

875 mhtbhm the Thaumaturge (level 7, -3/40 HPs)
             Began as a Deep Elf Earth Elementalist on Sept 11, 2022.
             Was a High Priest of Vehumet.
             Slain by a red devil
             ... wielding a +0 trident
              (17 damage)
             ... in the Dungeon (Sprint VII: "The Pits").
             The game lasted 00:03:24 (885 turns).

mhtbhm the Thaumaturge (Deep Elf Earth Elementalist) Turns: 885, Time: 00:03:24

Health: -3/40      AC:  2    Str:  5    XL:     7   Next: 74%
Magic:  20/26      EV: 14    Int: 22    God:    Vehumet [*****.]
Gold:   0          SH:  0    Dex: 15    Spells: 16/34 levels left

rFire   . . .      SeeInvis .    k - +2 quarterstaff (speed)
rCold   . . .      Faith    .    (shield currently unavailable)
rNeg    . . .      Spirit   .    a - +0 robe
rPois   .          Reflect  .    (no helmet)
rElec   .          Harm     .    (no cloak)
rCorr   .          Rampage  .    (no gloves)
Will    .....      NoTele   +    (no boots)
Stlth   +++.......               (no amulet)
HPRegen 0.13/turn                (no ring)
MPRegen 0.20/turn                (no ring)

@: spiked
A: no striking features
a: Renounce Religion


You were in the Dungeon.
You worshipped Vehumet.
Vehumet was extremely pleased with you.
You visited 1 branch

Inventory:

Hand Weapons
 k - a +2 quarterstaff of speed (weapon)
Armour
 a - a +0 robe (worn)
Scrolls
 i - 5 scrolls of amnesia
 j - a scroll of summoning
Potions
 b - 5 potions of magic
 c - 6 potions of curing
 d - 5 potions of heal wounds
 f - 3 potions of berserk rage
 h - 2 potions of invisibility


   Skills:
 + Level 2.1 Fighting
 + Level 5.5 Dodging
 + Level 5.3 Stealth
 + Level 14.3 Spellcasting
 + Level 0.7 Conjurations
 + Level 1.2 Transmutations
 + Level 0.1 Fire Magic
 + Level 0.8 Air Magic
 + Level 12.7 Earth Magic
 + Level 1.0 Poison Magic


You had 16 spell levels left.
You knew the following spells:

 Your Spells              Type           Power      Damage    Failure   Level
a - Sandblast             Erth           100%       2d20      0%          1
b - Magic Dart            Conj           76%        1d6       1%          1
c - Stone Arrow           Conj/Erth      90%        3d12      1%          3
d - Scorch                Fire           32%        2d6       1%          2
e - Petrify               Tmut/Erth      46%        N/A       2%          4
f - Mephitic Cloud        Conj/Pois/Air  19%        N/A       2%          3
g - Sticky Flame          Conj/Fire      17%        2d4       9%          4

Your spell library contained the following spells:

 Spells                   Type           Power      Damage    Failure   Level
 Iskenderun's Battlesphe  Conj           19%        2d7       21%         5
 Passwall                 Tmut/Erth      38%        N/A       1%          2


Dungeon Overview and Level Annotations

Branches:
Dungeon (1/1)

Altars:
Ashenzari
Cheibriados
Dithmenos
Elyvilon
Fedhas
Gozag
Hepliaklqana
Kikubaaqudgha
Makhleb
Nemelex Xobeh
Okawaru
Qazlal
Ru
Sif Muna
Trog
Uskayaw
Vehumet
Wu Jian
Xom
Yredelemnul
Zin
The Shining One
Jiyva
Lugonu


Message History

Confirm with . or Enter, or press ? or * to list all spells.
Aiming: Sandblast (safe; 0% risk of failure)
Press: ? - help, Shift-Dir - straight line, f/p - red devil
Aim: a red devil, wielding a +0 trident (80% to hit)
The blast of sand hits the red devil.
The red devil is lightly wounded.
The red devil hits you from afar with a +0 trident.
Barbed spikes become lodged in your body.
Casting: Sandblast (safe; 0% risk of failure)
Confirm with . or Enter, or press ? or * to list all spells.
Aiming: Sandblast (safe; 0% risk of failure)
Press: ? - help, Shift-Dir - straight line, f/p - red devil
Aim: a red devil, wielding a +0 trident (lightly wounded, 80% to hit)
The blast of sand hits the red devil!
The red devil is severely wounded.
The red devil barely misses you.
The red devil hits you from afar with a +0 trident!!
Ouch! That really hurt!
Barbed spikes become lodged in your body.
Unknown command.
Casting: Sandblast (safe; 0% risk of failure)
Confirm with . or Enter, or press ? or * to list all spells.
Aiming: Sandblast (safe; 0% risk of failure)
Press: ? - help, Shift-Dir - straight line, f/p - red devil
Aim: a red devil, wielding a +0 trident (severely wounded, 80% to hit)
The blast of sand hits the red devil.
The red devil is severely wounded.
The red devil hits you from afar with a +0 trident.
Barbed spikes become lodged in your body.
Unknown command.
Casting: Sandblast (safe; 0% risk of failure)
Confirm with . or Enter, or press ? or * to list all spells.
Aiming: Sandblast (safe; 0% risk of failure)
Press: ? - help, Shift-Dir - straight line, f/p - red devil
Aim: a red devil, wielding a +0 trident (severely wounded, 80% to hit)
The blast of sand hits the red devil.
The red devil is severely wounded.
The red devil misses you.
The red devil hits you from afar with a +0 trident!
You die...

#.#..#####.##.......#
#.#..'...#.##.......#
#.#..'†).'.##.......#
#.#..########...<...#
#.#..'[))).##.......#
#)#..#[))).##.......#
#'###########.......#
#..#.#.##..##########
#.......#@#
##.#.#.##)#
#.......#4#
##.#.#.##.'...F+
#.......#'#.4.z#
##.#.#..'÷#....#
########## ####


You could see a red devil.

Vanquished Creatures
  A rime drake (D)
  2 orc warriors (D)
  2 wolves (D)
  A necrophage (D)
  A scorpion (D)
  A hound (D)
  An iguana (D)
  3 orc wizards (D)
  2 orcs (D)
  A bat skeleton (D)
  A bat zombie (D)
  An endoplasm (D)
  3 goblins (D)
  A hobgoblin (D)
  A ball python zombie (D)
  2 rats (D)
24 creatures vanquished.

Notes
Turn   | Place    | Note
-------+----------+-------------------------------------------
     0 | D        | mhtbhm the Deep Elf Earth Elementalist began the quest for
                  | the Orb.
     0 | D        | Reached XP level 1. HP: 10/10 MP: 6/6
    27 | D        | Found a bloodstained altar of Trog.
    27 | D        | Found a shimmering blue altar of Sif Muna.
    27 | D        | Found a viscous altar of Jiyva.
    27 | D        | Found a hazy altar of Hepliaklqana.
    27 | D        | Found an opulent altar of Gozag.
    28 | D        | Found a glowing golden altar of the Shining One.
    28 | D        | Found a glowing silver altar of Zin.
    28 | D        | Found a basalt altar of Yredelemnul.
    28 | D        | Found a shimmering altar of Xom.
    28 | D        | Found an ornate altar of the Wu Jian Council.
    28 | D        | Found a sacrificial altar of Ru.
    28 | D        | Found a stormy altar of Qazlal.
    28 | D        | Found an iron altar of Okawaru.
    28 | D        | Found a sparkling altar of Nemelex Xobeh.
    28 | D        | Found a burning altar of Makhleb.
    28 | D        | Found a blossoming altar of Fedhas.
    28 | D        | Found a white marble altar of Elyvilon.
    28 | D        | Found a shadowy altar of Dithmenos.
    28 | D        | Found a snail-covered altar of Cheibriados.
    30 | D        | Found a radiant altar of Vehumet.
    30 | D        | Found a corrupted altar of Lugonu.
    31 | D        | Found a hide-covered altar of Uskayaw.
    31 | D        | Found an ancient bone altar of Kikubaaqudgha.
    31 | D        | Found a broken altar of Ashenzari.
    40 | D        | Became a worshipper of Vehumet
   115 | D        | Reached * piety under Vehumet
   115 | D        | Offered knowledge of Magic Dart by Vehumet.
   119 | D        | Learned a level 1 spell: Magic Dart
   143 | D        | Reached ** piety under Vehumet
   143 | D        | Offered knowledge of Scorch by Vehumet.
   144 | D        | Reached XP level 2. HP: 15/15 MP: 4/8
   175 | D        | Noticed a scorpion
   181 | D        | Killed a scorpion
   182 | D        | Reached skill level 5 in Spellcasting
   182 | D        | Reached XP level 3. HP: 14/19 MP: 3/12
   186 | D        | Learned a level 3 spell: Stone Arrow
   189 | D        | Learned a level 2 spell: Scorch
   255 | D        | Reached XP level 4. HP: 22/24 MP: 13/13
   312 | D        | Noticed a necrophage
   313 | D        | Noticed a wolf
   316 | D        | Noticed a wolf
   317 | D        | Offered knowledge of Ignite Poison by Vehumet.
   328 | D        | Learned a level 4 spell: Petrify
   334 | D        | Killed a wolf
   334 | D        | Reached *** piety under Vehumet
   335 | D        | Reached skill level 8 in Spellcasting
   335 | D        | Reached XP level 5. HP: 14/28 MP: 9/17
   336 | D        | Reached skill level 1 in Fighting
   336 | D        | Reached skill level 9 in Spellcasting
   344 | D        | Killed a wolf
   345 | D        | Reached skill level 5 in Dodging
   345 | D        | Reached skill level 10 in Spellcasting
   345 | D        | Reached skill level 10 in Earth Magic
   345 | D        | Reached XP level 6. HP: 17/34 MP: 9/21
   350 | D        | Reached **** piety under Vehumet
   351 | D        | Reached skill level 5 in Stealth
   351 | D        | Noticed an orc warrior
   358 | D        | Killed an orc warrior
   359 | D        | Reached skill level 11 in Spellcasting
   362 | D        | Reached skill level 12 in Spellcasting
   550 | D        | Offered knowledge of Mephitic Cloud by Vehumet.
   555 | D        | Learned a level 3 spell: Mephitic Cloud
   657 | D        | Noticed a rime drake
   660 | D        | Killed a rime drake
   660 | D        | Offered knowledge of Sticky Flame by Vehumet.
   660 | D        | Reached ***** piety under Vehumet
   661 | D        | Reached skill level 13 in Spellcasting
   661 | D        | Reached XP level 7. HP: 40/40 MP: 20/26
   692 | D        | Learned a level 4 spell: Sticky Flame
   795 | D        | Offered knowledge of Iskenderun's Battlesphere by Vehumet.
   801 | D        | Reached skill level 14 in Spellcasting
   801 | D        | Reached skill level 1 in Poison Magic
   876 | D        | Noticed a red devil
   885 | D        | Slain by a red devil

Illustrated notes

Levels and vault maps discovered:
D:        pitsprint [storerooms_1, entrance_room_1, metal_vault_5, armoury_1,
          mini_pit_1, grid_room_1, main_hall_1, silver_pit, the_coven_1,
          the_vestibule_1, steel_vault_2, golden_pit, hallway_of_sentries,
          crystal_vault_1, iron_vault_2, final_vault]

Skill      XL: |  1  2  3  4  5  6  7 |
---------------+----------------------+-----
Stealth        | 3 4 5 |  5.3
Earth Magic    | 4 7 8 10 12 | 12.7
Dodging        | 3 4 5 |  5.5
Spellcasting   | 5 8 10 13 14 | 14.3
Fighting       | 1 2 |  2.1
Poison Magic   | 1 |  1.0
Conjurations   | |  0.7
Transmutations | |  1.2
Fire Magic     | |  0.1
Air Magic      | |  0.8

Action                   |  1- 3 |  4- 6 |  7- 9 || total
-------------------------+-------+-------+-------++-------
 Cast: Sandblast         |    14 |    22 |     8 ||    44
       Stone Arrow       |       |     1 |     4 ||     5
       Mephitic Cloud    |       |     1 |     1 ||     2
       Scorch            |       |       |     1 ||     1
  Use: Potion            |       |     2 |       ||     2
       Scroll            |       |     1 |       ||     1
Armor: Robe              |     2 |     1 |       ||     3
Dodge: Dodged            |     3 |     7 |     2 ||    12

Table legend: (Time is in decaauts)
 A = Elapsed time spent in this place.
 B = Non-inter-level travel time spent in this place.
 C = Inter-level travel time spent in this place.
 D = Time resting spent in this place.
 E = Time spent auto-exploring this place.
 F = Levels seen in this place.
 G = Mean time per level.
                   A        B        C        D        E       F      G
               +--------+--------+--------+--------+--------+-----+--------+
         Total |    885 |    885 |      0 |    580 |     29 |   1 |  885.0 |
       Dungeon |    885 |    885 |      0 |    580 |     29 |   1 |  885.0 |
               +--------+--------+--------+--------+--------+-----+--------+

Top non-repeatable levels by time:
       D: 885 daAuts
